Kraken vs Maple Leafs
Created - January 30, 2025 at 22:23
Goals
|
| Kraken |
1 |
2 |
3 |
6 |
| Maple Leafs |
0 |
1 |
1 |
2 |
|
Shots
|
| Kraken |
5 |
16 |
12 |
33 |
| Maple Leafs |
4 |
17 |
9 |
30 |
|
1st period
1. Kraken , Alex Tuch 9 (Andrei Loktionov 17) at 0:33
Penalties :
Zach Bogosian (Sea) for Cross-checking (Minor) at 2:15, Luke Schenn (TOR) for Hooking (Minor) at 5:34, Brendan Gallagher (Sea) for Charging (Double Minor) at 10:05
2nd period
2. Kraken , Pierre-Luc Dubois 1 (Gustav Nyquist 1, Tanner Richard 1) at 2:10
3. Kraken , Zach Bogosian 5 (JT Compher 10) at 14:24
4. Maple Leafs , Jason Zucker 10 (Elias Pettersson 17) at 18:35
Penalties :
John Klingberg (TOR) for Cross-checking (Minor) at 2:13, Tyler Bertuzzi (Sea) for Hooking (Minor) at 10:37
3rd period
5. Kraken , JT Compher 10 (Zach Bogosian 18, Zach Hyman 6) at 5:10
6. Maple Leafs , William Nylander 11 (Zach Werenski 32, Elias Pettersson 18) at 9:24 (PP)
7. Kraken , JT Compher 11 (Olli Maatta 13, Tanner Richard 2) at 15:15
8. Kraken , Alex Tuch 10 (Andrei Loktionov 18, Tyler Bertuzzi 10) at 19:23
Penalties :
Andre Burakovsky (TOR) for Delaying the game (Minor) at 1:50, Marcus Johansson (Sea) for Holding (Minor) at 8:23, Andre Burakovsky (TOR) for Slashing (Minor) at 9:35
Goalie Stats
Ebbe Siönäs (Sea), 28 saves from 30 shots - (0.933), W, 3-1-1, 60:00 minutes
Carter Hutton (TOR), 27 saves from 33 shots - (0.818), L, 3-6-0, 60:00 minutes
Players Stats for Kraken
Player Name G A P +/- PIM S H SB GA TA FO MP PP MP PK MP
------------------------------------------------------------------------------------
Alex Tuch 2 0 2 3 0 2 2 0 0 0 0/0 14:36 3:48 0:00
Andrei Loktionov 0 2 2 2 0 2 3 0 1 1 8/16 19:08 3:48 4:37
Brendan Gallagher 0 0 0 -1 4 2 2 0 1 0 0/1 21:51 4:05 2:34
Erik Gudbranson 0 0 0 2 0 3 2 2 0 1 0/0 28:30 4:19 5:51
Gabriel Bourque 0 0 0 1 0 1 0 0 0 0 0/0 9:11 0:03 2:19
Gustav Nyquist 0 1 1 1 0 1 1 0 0 0 0/0 6:48 0:03 0:00
Jalen Chatfield 0 0 0 0 0 2 1 2 0 0 0/0 15:51 0:00 0:22
Jamie Oleksiak 0 0 0 1 0 0 1 1 2 1 0/0 14:22 2:11 1:33
JT Compher 2 1 3 3 0 6 1 0 1 0 0/0 11:39 0:00 1:06
Marcus Johansson 0 0 0 -1 2 1 2 0 0 0 0/2 19:04 4:05 0:00
Nikita Zaitsev 0 0 0 2 0 0 1 0 1 0 0/0 12:02 1:26 2:45
Olli Maatta 0 1 1 2 0 1 1 0 0 0 0/0 21:29 3:55 2:45
Pierre-Luc Dubois 1 0 1 1 0 1 0 0 0 0 1/3 6:28 0:00 0:00
Ryan Nugent-Hopkins 0 0 0 -1 0 2 3 1 0 1 14/32 22:54 4:05 3:48
Tanner Richard 0 2 2 3 0 3 1 0 0 0 0/2 11:27 0:00 0:50
Tyler Bertuzzi 0 1 1 2 2 3 3 0 1 0 1/1 17:17 3:48 2:42
Zach Bogosian 1 1 2 2 2 1 0 0 0 2 0/0 27:41 4:01 4:40
Zach Hyman 0 1 1 3 0 2 2 0 0 0 0/1 10:40 0:03 0:00
Players Stats for Maple Leafs
Player Name G A P +/- PIM S H SB GA TA FO MP PP MP PK MP
------------------------------------------------------------------------------------
Andre Burakovsky 0 0 0 -2 4 3 2 2 1 0 1/1 21:19 4:40 1:49
Bo Horvat 0 0 0 -2 0 4 5 1 0 1 16/29 22:40 4:39 3:10
Brandon Saad 0 0 0 0 0 0 1 1 0 0 0/0 10:44 0:43 2:38
Brendan Guhle 0 0 0 0 0 1 0 1 0 1 0/0 13:45 0:23 3:36
Elias Lindholm 0 0 0 -1 0 0 0 0 1 0 2/2 10:11 0:43 0:00
Elias Pettersson 0 2 2 -2 0 2 1 0 0 0 5/9 17:30 3:36 1:50
Evander Kane 0 0 0 -2 0 3 1 0 1 0 3/4 16:01 0:00 1:10
Haydn Fleury 0 0 0 0 0 0 0 2 0 2 0/0 14:00 0:23 4:20
Jason Zucker 1 0 1 -2 0 1 0 1 0 0 1/1 16:09 3:36 1:04
John Klingberg 0 0 0 -4 2 2 1 0 1 1 0/0 24:24 5:06 1:02
Jon Merrill 0 0 0 -1 0 1 0 0 0 1 0/0 23:04 3:29 4:20
Luke Schenn 0 0 0 -1 2 0 2 2 0 0 0/0 20:14 3:29 2:34
Nicholas Baptiste 0 0 0 0 0 0 1 0 1 0 0/0 7:15 0:42 0:00
Patrice Cormier 0 0 0 0 0 0 2 0 1 1 3/9 10:54 0:00 4:11
Pontus Aberg 0 0 0 -1 0 1 2 1 0 0 0/0 9:28 0:00 0:00
Valentin Zykov 0 0 0 -1 0 5 3 0 0 0 3/3 14:02 4:39 0:00
William Nylander 1 0 1 -2 0 4 2 2 0 0 0/0 15:27 3:36 0:00
Zach Werenski 0 1 1 -4 0 3 3 0 0 0 0/0 24:53 5:06 0:00
3 Stars
1 - JT Compher (Sea)
2 - Alex Tuch (Sea)
3 - Andrei Loktionov (Sea)
Power Play
Kraken - 0 on 4 Attempt(s) - 0.00%
Maple Leafs - 1 on 5 Attempt(s) - 20.00%
Penalty Kill
Kraken - 4 on 5 Attempt(s) - 80.00%
- Score 0 goal in Penalty Kill
Maple Leafs - 4 on 4 Attempt(s) - 100.00%
- Score 0 goal in Penalty Kill
Team Stat
Kraken - Hits : 26 - Faceoff Wins : 24 - Blocked Shots : 6 - Penalty Minutes : 10
Maple Leafs - Hits : 26 - Faceoff Wins : 34 - Blocked Shots : 13 - Penalty Minutes : 8
Official
Referees : Gord Dwyer and Reid Anderson
Linesman : Travis Gawryletz and Michel Cormier
Game Notes
Nikita Zaitsev is injured at 16:13 of 2nd period (Sprained Left Finger)
Finance
Level 1 -- Attendance: 6000 (100.00%) -- Ticket Income $600,000
Level 2 -- Attendance: 4601 (92.02%) -- Ticket Income $322,070
Level 3 -- Attendance: 2000 (100.00%) -- Ticket Income $80,000
Level 4 -- Attendance: 3656 (91.40%) -- Ticket Income $109,680
Luxury Box -- Attendance: 934 (93.40%) -- Ticket Income $186,800
Game was played at the Scotiabank Arena.
Total Attendance: 17191 (95.51%)
Total Ticket Income: $1,298,550
Other Income: $194,782
Total Income: $1,493,332
Kraken
5 vs 5 Forward
Center Left Wing Right Wing Time % Phy DF OF
1 Ryan Nugent-Hopkins Marcus Johansson Brendan Gallagher 40 0 2 3
2 Andrei Loktionov Tyler Bertuzzi Alex Tuch 30 0 2 3
3 Tanner Richard JT Compher Zach Hyman 20 0 2 3
4 Pierre-Luc Dubois Gabriel Bourque Gustav Nyquist 10 1 2 2
5 vs 5 Defense
Defense Defense Time % Phy DF OF
1 Erik Gudbranson Zach Bogosian 40 0 3 2
2 Olli Maatta Nikita Zaitsev 35 0 3 2
3 Jamie Oleksiak Jalen Chatfield 24 1 3 1
4 Jamie Oleksiak Jalen Chatfield 1 1 2 2
PowerPlay Forward
Center Left Wing Right Wing Time % Phy DF OF
1 Ryan Nugent-Hopkins Marcus Johansson Brendan Gallagher 60 0 1 4
2 Andrei Loktionov Tyler Bertuzzi Alex Tuch 40 0 1 4
PowerPlay Defense
Defense Defense Time % Phy DF OF
1 Erik Gudbranson Zach Bogosian 60 1 1 3
2 Olli Maatta Nikita Zaitsev 40 1 2 2
Penalty Kill 4 Players Forward
Center Wing Time % Phy DF OF
1 Andrei Loktionov Brendan Gallagher 55 1 4 0
2 Ryan Nugent-Hopkins Tyler Bertuzzi 45 1 4 0
Penalty Kill 4 Players Defense
Defense Defense Time % Phy DF OF
1 Erik Gudbranson Zach Bogosian 55 1 4 0
2 Olli Maatta Nikita Zaitsev 45 1 4 0
Penalty Kill - 3 Players Forward
Forward Time % Phy DF OF
1 Pierre-Luc Dubois 55 1 4 0
2 Andrei Loktionov 45 1 4 0
Penalty Kill - 3 Players Defense
Defense Defense Time % Phy DF OF
1 Erik Gudbranson Zach Bogosian 55 1 4 0
2 Olli Maatta Jamie Oleksiak 45 1 4 0
4 vs 4 Forward
Center Wing Time % Phy DF OF
1 Pierre-Luc Dubois Zach Hyman 50 1 2 2
2 Andrei Loktionov JT Compher 50 1 2 2
4 vs 4 Defense
Defense Defense Time % Phy DF OF
1 Jalen Chatfield Nikita Zaitsev 50 1 2 2
2 Olli Maatta Jamie Oleksiak 50 1 2 2
Last Minutes Offensive
Center Left Wing Right Wing Defense Defense
Ryan Nugent-Hopkins Marcus Johansson Brendan Gallagher Erik Gudbranson Zach Bogosian
Last Minutes Defensive
Center Left Wing Right Wing Defense Defense
Andrei Loktionov Tyler Bertuzzi Gabriel Bourque Olli Maatta Nikita Zaitsev
Goaltenders
Starting : Ebbe Siönäs
Backup : Laurent Brossoit
Extra Forwards
Normal : Zach Hyman, Brendan Gallagher, Tyler Bertuzzi - PP : Zach Hyman, Gustav Nyquist - PK : Andrei Loktionov
Extra Defensemen
Normal : Olli Maatta, Jalen Chatfield, Zach Bogosian - PP : Jamie Oleksiak - PK : Jamie Oleksiak, Jalen Chatfield
Penalty Shots
Zach Hyman, Marcus Johansson, Andrei Loktionov, Brendan Gallagher, Ryan Nugent-Hopkins
Custom OT Lines Forwards
Brendan Gallagher, Ryan Nugent-Hopkins, Andrei Loktionov, Marcus Johansson, Tyler Bertuzzi, Gabriel Bourque, Alex Tuch, JT Compher, Zach Hyman, Gustav Nyquist
Custom OT Lines Defensemen
Erik Gudbranson, Zach Bogosian, Olli Maatta, Nikita Zaitsev, Jalen Chatfield
Scratches
Kyle Rau (Chest/Ribs Injury), Logan Couture (Sprained Right Knee Injury), Victor Olofsson (Healthy)
Maple Leafs
5 vs 5 Forward
Center Left Wing Right Wing Time % Phy DF OF
1 Bo Horvat Evander Kane Andre Burakovsky 40 1 2 2
2 Elias Pettersson Jason Zucker William Nylander 30 1 2 2
3 Elias Lindholm Valentin Zykov Pontus Aberg 20 1 2 2
4 Patrice Cormier Brandon Saad Nicholas Baptiste 10 1 2 2
5 vs 5 Defense
Defense Defense Time % Phy DF OF
1 Zach Werenski John Klingberg 40 1 2 2
2 Jon Merrill Luke Schenn 30 1 2 2
3 Haydn Fleury Brendan Guhle 20 1 2 2
4 Zach Werenski Jon Merrill 10 1 2 2
PowerPlay Forward
Center Left Wing Right Wing Time % Phy DF OF
1 Bo Horvat Valentin Zykov Andre Burakovsky 60 1 2 2
2 Elias Pettersson Jason Zucker William Nylander 40 1 2 2
PowerPlay Defense
Defense Defense Time % Phy DF OF
1 Zach Werenski John Klingberg 60 1 2 2
2 Jon Merrill Luke Schenn 40 1 2 2
Penalty Kill 4 Players Forward
Center Wing Time % Phy DF OF
1 Patrice Cormier Andre Burakovsky 60 1 2 2
2 Bo Horvat Jason Zucker 40 1 2 2
Penalty Kill 4 Players Defense
Defense Defense Time % Phy DF OF
1 Haydn Fleury Jon Merrill 60 1 2 2
2 Brendan Guhle Luke Schenn 40 1 2 2
Penalty Kill - 3 Players Forward
Forward Time % Phy DF OF
1 Elias Lindholm 60 1 2 2
2 Bo Horvat 40 1 2 2
Penalty Kill - 3 Players Defense
Defense Defense Time % Phy DF OF
1 Haydn Fleury Jon Merrill 60 1 2 2
2 Brendan Guhle Luke Schenn 40 1 2 2
4 vs 4 Forward
Center Wing Time % Phy DF OF
1 Bo Horvat Andre Burakovsky 60 1 2 2
2 Elias Pettersson William Nylander 40 1 2 2
4 vs 4 Defense
Defense Defense Time % Phy DF OF
1 Zach Werenski Jon Merrill 60 1 2 2
2 John Klingberg Luke Schenn 40 1 2 2
Last Minutes Offensive
Center Left Wing Right Wing Defense Defense
Bo Horvat Evander Kane Andre Burakovsky Zach Werenski John Klingberg
Last Minutes Defensive
Center Left Wing Right Wing Defense Defense
Patrice Cormier Jason Zucker Andre Burakovsky Jon Merrill Haydn Fleury
Goaltenders
Starting : Carter Hutton
Backup : Kristers Gudlevskis
Extra Forwards
Normal : William Nylander, Elias Pettersson, Bo Horvat - PP : William Nylander, Jason Zucker - PK : Bo Horvat
Extra Defensemen
Normal : Haydn Fleury, Zach Werenski, John Klingberg - PP : Haydn Fleury - PK : Brendan Guhle, John Klingberg
Penalty Shots
William Nylander, Elias Pettersson, Andre Burakovsky, Bo Horvat, Jason Zucker
Custom OT Lines Forwards
Evander Kane, Elias Pettersson, William Nylander, Andre Burakovsky, Bo Horvat, Jason Zucker, Elias Lindholm, Brandon Saad, Valentin Zykov, Patrice Cormier
Custom OT Lines Defensemen
Zach Werenski, Jon Merrill, John Klingberg, Luke Schenn, Haydn Fleury
Scratches
None
% Time on Ice - Kraken
Lines # - Real PCT - Wanted PCT - Time Play
Normal Forward
1 - 36% - 40% - 15:30
2 - 25% - 30% - 10:48
3 - 24% - 20% - 10:20
4 - 15% - 10% - 6:28
Normal Defense
1 - 40% - 40% - 17:10
2 - 38% - 35% - 16:14
3 - 23% - 24% - 9:42
4 - 0% - 1% - 0:00
PP Forward
1 - 52% - 60% - 4:08
2 - 48% - 40% - 3:48
PP Defense
1 - 51% - 60% - 4:01
2 - 49% - 40% - 3:55
PK Forward
1 - 60% - 55% - 5:24
2 - 40% - 45% - 3:34
PK Defense
1 - 69% - 55% - 6:13
2 - 31% - 45% - 2:45
PK3 Forward
1 - 0% - 55%
2 - 0% - 45%
PK3 Defense
1 - 0% - 55%
2 - 0% - 45%
44 Forward
1 - 0% - 50%
2 - 0% - 50%
44 Defense
1 - 0% - 50%
2 - 0% - 50%
Last Minute Offensive - 0:00
Last Minute Defensive - 0:00
Total
Forward - 60:00
Defense - 60:00
|
% Time on Ice - Maple Leafs
Lines # - Real PCT - Wanted PCT - Time Play
Normal Forward
1 - 36% - 40% - 15:36
2 - 27% - 30% - 11:29
3 - 22% - 20% - 9:28
4 - 15% - 10% - 6:33
Normal Defense
1 - 43% - 40% - 18:39
2 - 33% - 30% - 14:02
3 - 20% - 20% - 8:35
4 - 4% - 10% - 1:50
PP Forward
1 - 60% - 60% - 5:22
2 - 40% - 40% - 3:36
PP Defense
1 - 61% - 60% - 5:29
2 - 39% - 40% - 3:29
PK Forward
1 - 87% - 60% - 6:52
2 - 13% - 40% - 1:04
PK Defense
1 - 55% - 60% - 4:20
2 - 45% - 40% - 3:36
PK3 Forward
1 - 0% - 60%
2 - 0% - 40%
PK3 Defense
1 - 0% - 60%
2 - 0% - 40%
44 Forward
1 - 0% - 60%
2 - 0% - 40%
44 Defense
1 - 0% - 60%
2 - 0% - 40%
Last Minute Offensive - 0:00
Last Minute Defensive - 0:00
Total
Forward - 60:00
Defense - 60:00
|
Play-by-Play
1st period
0:01 of 1st period - Ryan Nugent-Hopkins wins face-off versus Bo Horvat in neutral zone.
0:23 of 1st period - Icing by Bo Horvat.
0:24 of 1st period - Andrei Loktionov wins face-off versus Elias Pettersson in Maple Leafs zone.
0:33 of 1st period - Wrist shot by Andrei Loktionov.
0:33 of 1st period - Deflect By Alex Tuch.
0:33 of 1st period - Goal by Alex Tuch - Kraken : 1 - Maple Leafs : 0.
0:34 of 1st period - Elias Lindholm wins face-off versus Tanner Richard in neutral zone.
1:32 of 1st period - Brendan Guhle is hit by Brendan Gallagher and loses puck.
1:49 of 1st period - Snap shot by Bo Horvat.
1:49 of 1st period - Shot Misses the Net.
1:51 of 1st period - Slapshot by Brendan Guhle.
1:51 of 1st period - Stopped by Ebbe Siönäs without a rebound.
1:52 of 1st period - Bo Horvat wins face-off versus Ryan Nugent-Hopkins in Kraken zone.
2:15 of 1st period - Minor Penalty to Zach Bogosian for Cross-checking.
2:16 of 1st period - Valentin Zykov wins face-off versus Andrei Loktionov in Kraken zone.
2:29 of 1st period - Slapshot by Zach Werenski.
2:29 of 1st period - Deflect By Erik Gudbranson.
2:29 of 1st period - Stopped by Ebbe Siönäs without a rebound.
2:30 of 1st period - Valentin Zykov wins face-off versus Andrei Loktionov in Kraken zone.
2:45 of 1st period - Slapshot by Zach Werenski.
2:45 of 1st period - Shot Misses the Net.
2:47 of 1st period - Snap shot by Zach Werenski.
2:47 of 1st period - Deflect By Andre Burakovsky.
2:47 of 1st period - Shot Misses the Net.
2:47 of 1st period - Puck is out of play.
2:48 of 1st period - Elias Pettersson wins face-off versus Andrei Loktionov in Kraken zone.
3:11 of 1st period - William Nylander is hit by Ryan Nugent-Hopkins.
3:29 of 1st period - Wrist shot by Bo Horvat.
3:29 of 1st period - Shot Blocked by Erik Gudbranson.
4:15 of 1st period - Penalty to Zach Bogosian is over, Zach Bogosian is back on ice.
4:23 of 1st period - Snap shot by Zach Hyman.
4:23 of 1st period - Shot Blocked by Brandon Saad.
4:34 of 1st period - Zach Hyman is hit by Zach Werenski and loses puck.
4:45 of 1st period - Zach Hyman is hit by Valentin Zykov.
5:03 of 1st period - Snap shot by Zach Hyman.
5:03 of 1st period - Shot Misses the Net.
5:05 of 1st period - Slapshot by Nikita Zaitsev.
5:05 of 1st period - Shot Misses the Net.
5:07 of 1st period - Snap shot by Nikita Zaitsev.
5:07 of 1st period - Shot Blocked by Bo Horvat.
5:23 of 1st period - Snap shot by Bo Horvat.
5:23 of 1st period - Shot Misses the Net.
5:31 of 1st period - Snap shot by Zach Hyman.
5:31 of 1st period - Stopped by Carter Hutton without a rebound.
5:32 of 1st period - Elias Pettersson wins face-off versus Andrei Loktionov in Maple Leafs zone.
5:34 of 1st period - Minor Penalty to Luke Schenn for Hooking.
5:35 of 1st period - Patrice Cormier wins face-off versus Ryan Nugent-Hopkins in Maple Leafs zone.
5:43 of 1st period - Snap shot by Erik Gudbranson.
5:43 of 1st period - Stopped by Carter Hutton with a rebound.
7:34 of 1st period - Penalty to Luke Schenn is over, Luke Schenn is back on ice.
7:42 of 1st period - Icing by Haydn Fleury.
7:43 of 1st period - Patrice Cormier wins face-off versus Pierre-Luc Dubois in Maple Leafs zone.
7:43 of 1st period - Patrice Cormier is hit by Gustav Nyquist.
8:11 of 1st period - Jamie Oleksiak is hit by Pontus Aberg and loses puck.
8:39 of 1st period - Zach Werenski is hit by Tyler Bertuzzi and loses puck.
8:54 of 1st period - Zach Bogosian is hit by William Nylander and loses puck.
9:21 of 1st period - Snap shot by Andre Burakovsky.
9:21 of 1st period - Shot Misses the Net.
9:23 of 1st period - Backhand shot by Andre Burakovsky.
9:23 of 1st period - Shot Blocked by Jamie Oleksiak.
9:37 of 1st period - Snap shot by Marcus Johansson.
9:37 of 1st period - Shot Blocked by Haydn Fleury.
9:39 of 1st period - Snap shot by Marcus Johansson.
9:39 of 1st period - Stopped by Carter Hutton with a rebound.
9:41 of 1st period - Wrist shot by Ryan Nugent-Hopkins.
9:41 of 1st period - Stopped by Carter Hutton without a rebound.
9:42 of 1st period - Elias Pettersson wins face-off versus Ryan Nugent-Hopkins in Maple Leafs zone.
9:59 of 1st period - Wrist shot by Jason Zucker.
9:59 of 1st period - Shot Blocked by Ryan Nugent-Hopkins.
10:05 of 1st period - Double Minor Penalty to Brendan Gallagher for Charging.
10:06 of 1st period - Bo Horvat wins face-off versus Andrei Loktionov in Kraken zone.
10:17 of 1st period - Slapshot by Zach Werenski.
10:17 of 1st period - Shot Misses the Net.
10:19 of 1st period - Wrist shot by Valentin Zykov.
10:19 of 1st period - Stopped by Ebbe Siönäs without a rebound.
10:20 of 1st period - Andrei Loktionov wins face-off versus Bo Horvat in Kraken zone.
10:51 of 1st period - Tyler Bertuzzi is hit by Zach Werenski and loses puck.
10:56 of 1st period - Slapshot by Elias Pettersson.
10:56 of 1st period - Deflect By Erik Gudbranson.
10:56 of 1st period - Stopped by Ebbe Siönäs with a rebound.
11:38 of 1st period - Wrist shot by JT Compher.
11:38 of 1st period - Shot Misses the Net.
14:05 of 1st period - Penalty to Brendan Gallagher is over, Brendan Gallagher is back on ice.
14:51 of 1st period - Marcus Johansson is hit by Patrice Cormier and loses puck.
15:20 of 1st period - Slapshot by Erik Gudbranson.
15:20 of 1st period - Shot Misses the Net.
16:55 of 1st period - Jalen Chatfield is hit by Valentin Zykov and loses puck.
18:10 of 1st period - Elias Lindholm is hit by Erik Gudbranson and loses puck.
18:17 of 1st period - Wrist shot by Pierre-Luc Dubois.
18:17 of 1st period - Shot Misses the Net.
18:29 of 1st period - Ryan Nugent-Hopkins is hit by Bo Horvat and loses puck.
18:53 of 1st period - Tanner Richard is hit by Brandon Saad and loses puck.
19:04 of 1st period - Slapshot by Jamie Oleksiak.
19:04 of 1st period - Shot Blocked by Andre Burakovsky.
19:06 of 1st period - Backhand shot by Jalen Chatfield.
19:06 of 1st period - Shot Misses the Net.
Goals for this period are 1 for Kraken vs 0 for Maple Leafs.
Shots for this period are 5 for Kraken vs 4 for Maple Leafs.
2nd period
0:01 of 2nd period - Bo Horvat wins face-off versus Ryan Nugent-Hopkins in neutral zone.
0:34 of 2nd period - Snap shot by Elias Pettersson.
0:34 of 2nd period - Stopped by Ebbe Siönäs without a rebound.
0:35 of 2nd period - Andrei Loktionov wins face-off versus Bo Horvat in Kraken zone.
0:40 of 2nd period - Andre Burakovsky is hit by Nikita Zaitsev and loses puck.
1:01 of 2nd period - William Nylander is hit by Olli Maatta and loses puck.
1:08 of 2nd period - Slapshot by Brendan Gallagher.
1:08 of 2nd period - Shot Blocked by William Nylander.
1:10 of 2nd period - Wrist shot by Marcus Johansson.
1:10 of 2nd period - Deflect By Jason Zucker.
1:10 of 2nd period - Shot Misses the Net.
1:10 of 2nd period - Puck is out of play.
1:11 of 2nd period - Bo Horvat wins face-off versus Ryan Nugent-Hopkins in Maple Leafs zone.
1:15 of 2nd period - Icing by Andre Burakovsky.
1:16 of 2nd period - Bo Horvat wins face-off versus Ryan Nugent-Hopkins in Maple Leafs zone.
1:29 of 2nd period - Slapshot by Erik Gudbranson.
1:29 of 2nd period - Stopped by Carter Hutton with a rebound.
1:31 of 2nd period - Wrist shot by Ryan Nugent-Hopkins.
1:31 of 2nd period - Shot Misses the Net.
1:33 of 2nd period - Snap shot by Ryan Nugent-Hopkins.
1:33 of 2nd period - Stopped by Carter Hutton with a rebound.
1:43 of 2nd period - Zach Werenski is hit by Alex Tuch and loses puck.
2:10 of 2nd period - Wrist shot by Pierre-Luc Dubois.
2:10 of 2nd period - Goal by Pierre-Luc Dubois - Kraken : 2 - Maple Leafs : 0.
2:11 of 2nd period - Bo Horvat wins face-off versus Ryan Nugent-Hopkins in neutral zone.
2:13 of 2nd period - Minor Penalty to John Klingberg for Cross-checking.
2:14 of 2nd period - Ryan Nugent-Hopkins wins face-off versus Patrice Cormier in Maple Leafs zone.
4:13 of 2nd period - Penalty to John Klingberg is over, John Klingberg is back on ice.
4:54 of 2nd period - Slapshot by John Klingberg.
4:54 of 2nd period - Deflect By JT Compher.
4:54 of 2nd period - Stopped by Ebbe Siönäs with a rebound.
5:00 of 2nd period - Snap shot by Valentin Zykov.
5:00 of 2nd period - Stopped by Ebbe Siönäs with a rebound.
5:29 of 2nd period - Elias Pettersson is hit by Brendan Gallagher.
5:54 of 2nd period - Gustav Nyquist is hit by Bo Horvat and loses puck.
6:09 of 2nd period - Elias Pettersson is hit by Marcus Johansson and loses puck.
6:29 of 2nd period - Brandon Saad is hit by Jalen Chatfield and loses puck.
6:40 of 2nd period - Snap shot by Andrei Loktionov.
6:40 of 2nd period - Stopped by Carter Hutton with a rebound.
7:14 of 2nd period - Jason Zucker is hit by Zach Hyman and loses puck.
7:29 of 2nd period - Erik Gudbranson is hit by Nicholas Baptiste and loses puck.
7:39 of 2nd period - Icing by Erik Gudbranson.
7:40 of 2nd period - Bo Horvat wins face-off versus Pierre-Luc Dubois in Kraken zone.
7:41 of 2nd period - Wrist shot by Evander Kane.
7:41 of 2nd period - Shot Misses the Net.
8:27 of 2nd period - Jason Zucker is hit by Tanner Richard and loses puck.
8:32 of 2nd period - Slapshot by Tanner Richard.
8:32 of 2nd period - Stopped by Carter Hutton with a rebound.
8:34 of 2nd period - Snap shot by JT Compher.
8:34 of 2nd period - Shot Blocked by Brendan Guhle.
8:36 of 2nd period - Snap shot by JT Compher.
8:36 of 2nd period - Stopped by Carter Hutton with a rebound.
8:38 of 2nd period - Wrist shot by Tanner Richard.
8:38 of 2nd period - Stopped by Carter Hutton with a rebound.
8:40 of 2nd period - Slapshot by Nikita Zaitsev.
8:40 of 2nd period - Shot Misses the Net.
8:50 of 2nd period - Valentin Zykov is hit by Tyler Bertuzzi and loses puck.
8:57 of 2nd period - Slapshot by Tyler Bertuzzi.
8:57 of 2nd period - Shot Blocked by Pontus Aberg.
8:59 of 2nd period - Wrist shot by Andrei Loktionov.
8:59 of 2nd period - Stopped by Carter Hutton without a rebound.
9:00 of 2nd period - Ryan Nugent-Hopkins wins face-off versus Bo Horvat in Maple Leafs zone.
9:13 of 2nd period - Snap shot by Brendan Gallagher.
9:13 of 2nd period - Shot Misses the Net.
9:44 of 2nd period - Icing by John Klingberg.
9:45 of 2nd period - Patrice Cormier wins face-off versus Tanner Richard in Maple Leafs zone.
10:34 of 2nd period - Slapshot by John Klingberg.
10:34 of 2nd period - Stopped by Ebbe Siönäs without a rebound.
10:35 of 2nd period - Tyler Bertuzzi wins face-off versus Elias Pettersson in Kraken zone.
10:37 of 2nd period - Minor Penalty to Tyler Bertuzzi for Hooking.
10:38 of 2nd period - Bo Horvat wins face-off versus Andrei Loktionov in Kraken zone.
10:48 of 2nd period - Wrist shot by Valentin Zykov.
10:48 of 2nd period - Stopped by Ebbe Siönäs without a rebound.
10:49 of 2nd period - Andrei Loktionov wins face-off versus Bo Horvat in Kraken zone.
10:56 of 2nd period - Slapshot by Andre Burakovsky.
10:56 of 2nd period - Stopped by Ebbe Siönäs with a rebound.
10:58 of 2nd period - Slapshot by Zach Werenski.
10:58 of 2nd period - Stopped by Ebbe Siönäs without a rebound.
10:59 of 2nd period - Bo Horvat wins face-off versus Brendan Gallagher in Kraken zone.
11:06 of 2nd period - Snap shot by Valentin Zykov.
11:06 of 2nd period - Stopped by Ebbe Siönäs without a rebound.
11:07 of 2nd period - Valentin Zykov wins face-off versus Andrei Loktionov in Kraken zone.
12:37 of 2nd period - Penalty to Tyler Bertuzzi is over, Tyler Bertuzzi is back on ice.
12:50 of 2nd period - Wrist shot by JT Compher.
12:50 of 2nd period - Shot Misses the Net.
12:52 of 2nd period - Wrist shot by Zach Hyman.
12:52 of 2nd period - Shot Misses the Net.
12:54 of 2nd period - Backhand shot by Jalen Chatfield.
12:54 of 2nd period - Stopped by Carter Hutton without a rebound.
12:55 of 2nd period - Ryan Nugent-Hopkins wins face-off versus Patrice Cormier in Maple Leafs zone.
13:47 of 2nd period - Andrei Loktionov is hit by Luke Schenn and loses puck.
14:12 of 2nd period - Marcus Johansson is hit by Pontus Aberg.
14:24 of 2nd period - Slapshot by Zach Bogosian.
14:24 of 2nd period - Deflect By Zach Werenski.
14:24 of 2nd period - Goal by Zach Bogosian - Kraken : 3 - Maple Leafs : 0.
14:25 of 2nd period - Ryan Nugent-Hopkins wins face-off versus Bo Horvat in neutral zone.
14:38 of 2nd period - Wrist shot by Ryan Nugent-Hopkins.
14:38 of 2nd period - Deflect By Brendan Gallagher.
14:38 of 2nd period - Stopped by Carter Hutton with a rebound.
15:09 of 2nd period - Icing by JT Compher.
15:10 of 2nd period - Elias Pettersson wins face-off versus Zach Hyman in Kraken zone.
15:21 of 2nd period - Snap shot by JT Compher.
15:21 of 2nd period - Stopped by Carter Hutton with a rebound.
15:27 of 2nd period - Slapshot by JT Compher.
15:27 of 2nd period - Shot Blocked by Jason Zucker.
15:29 of 2nd period - Snap shot by Nikita Zaitsev.
15:29 of 2nd period - Deflect By Tanner Richard.
15:29 of 2nd period - Stopped by Carter Hutton without a rebound.
15:30 of 2nd period - Elias Lindholm wins face-off versus Marcus Johansson in Maple Leafs zone.
15:30 of 2nd period - Elias Lindholm is hit by Ryan Nugent-Hopkins.
15:38 of 2nd period - Wrist shot by Luke Schenn.
15:38 of 2nd period - Shot Misses the Net.
15:56 of 2nd period - Andrei Loktionov is hit by Evander Kane and loses puck.
16:05 of 2nd period - Snap shot by Evander Kane.
16:05 of 2nd period - Stopped by Ebbe Siönäs with a rebound.
16:07 of 2nd period - Snap shot by Andre Burakovsky.
16:07 of 2nd period - Stopped by Ebbe Siönäs with a rebound.
16:09 of 2nd period - Wrist shot by Bo Horvat.
16:09 of 2nd period - Stopped by Ebbe Siönäs without a rebound.
16:10 of 2nd period - Ryan Nugent-Hopkins wins face-off versus Elias Pettersson in Kraken zone.
16:12 of 2nd period - Nikita Zaitsev is hit by John Klingberg and loses puck.
16:13 of 2nd period - Nikita Zaitsev from Kraken is injured at 16:13 of 2nd period (Sprained Left Finger).
16:14 of 2nd period - Evander Kane wins face-off versus Ryan Nugent-Hopkins in neutral zone.
16:19 of 2nd period - Erik Gudbranson is hit by Bo Horvat and loses puck.
16:46 of 2nd period - William Nylander is hit by Andrei Loktionov and loses puck.
18:12 of 2nd period - Jon Merrill is hit by Alex Tuch and loses puck.
18:21 of 2nd period - Slapshot by Andrei Loktionov.
18:21 of 2nd period - Shot Misses the Net.
18:23 of 2nd period - Wrist shot by Andrei Loktionov.
18:23 of 2nd period - Deflect By Tyler Bertuzzi.
18:23 of 2nd period - Stopped by Carter Hutton without a rebound.
18:24 of 2nd period - Jason Zucker wins face-off versus Ryan Nugent-Hopkins in Maple Leafs zone.
18:33 of 2nd period - Snap shot by Jason Zucker.
18:33 of 2nd period - Shot Misses the Net.
18:35 of 2nd period - Snap shot by Jason Zucker.
18:35 of 2nd period - Goal by Jason Zucker - Kraken : 3 - Maple Leafs : 1.
18:36 of 2nd period - Ryan Nugent-Hopkins wins face-off versus Bo Horvat in neutral zone.
18:53 of 2nd period - Wrist shot by Bo Horvat.
18:53 of 2nd period - Stopped by Ebbe Siönäs without a rebound.
18:54 of 2nd period - Andrei Loktionov wins face-off versus Elias Pettersson in Kraken zone.
18:59 of 2nd period - Snap shot by Elias Pettersson.
18:59 of 2nd period - Shot Misses the Net.
19:01 of 2nd period - Snap shot by William Nylander.
19:01 of 2nd period - Stopped by Ebbe Siönäs with a rebound.
19:03 of 2nd period - Slapshot by Jason Zucker.
19:03 of 2nd period - Shot Blocked by Erik Gudbranson.
19:05 of 2nd period - Slapshot by Zach Werenski.
19:05 of 2nd period - Stopped by Ebbe Siönäs without a rebound.
19:06 of 2nd period - Evander Kane wins face-off versus Ryan Nugent-Hopkins in Kraken zone.
19:09 of 2nd period - Snap shot by Bo Horvat.
19:09 of 2nd period - Stopped by Ebbe Siönäs without a rebound.
19:10 of 2nd period - Evander Kane wins face-off versus Ryan Nugent-Hopkins in Kraken zone.
19:11 of 2nd period - Snap shot by Andre Burakovsky.
19:11 of 2nd period - Stopped by Ebbe Siönäs without a rebound.
19:12 of 2nd period - Bo Horvat wins face-off versus Ryan Nugent-Hopkins in Kraken zone.
19:39 of 2nd period - Slapshot by Erik Gudbranson.
19:39 of 2nd period - Deflect By Tyler Bertuzzi.
19:39 of 2nd period - Stopped by Carter Hutton with a rebound.
19:41 of 2nd period - Slapshot by Erik Gudbranson.
19:41 of 2nd period - Stopped by Carter Hutton with a rebound.
Goals for this period are 2 for Kraken vs 1 for Maple Leafs.
Shots for this period are 16 for Kraken vs 17 for Maple Leafs.
3rd period
0:01 of 3rd period - Bo Horvat wins face-off versus Ryan Nugent-Hopkins in neutral zone.
0:57 of 3rd period - Brendan Gallagher is hit by Zach Werenski and loses puck.
1:48 of 3rd period - Slapshot by Olli Maatta.
1:48 of 3rd period - Stopped by Carter Hutton with a rebound.
1:50 of 3rd period - Minor Penalty to Andre Burakovsky for Delaying the game.
1:51 of 3rd period - Andrei Loktionov wins face-off versus Patrice Cormier in Maple Leafs zone.
2:06 of 3rd period - Snap shot by Tyler Bertuzzi.
2:06 of 3rd period - Stopped by Carter Hutton without a rebound.
2:07 of 3rd period - Andrei Loktionov wins face-off versus Patrice Cormier in Maple Leafs zone.
3:10 of 3rd period - Tyler Bertuzzi is hit by Patrice Cormier and loses puck.
3:35 of 3rd period - Brendan Gallagher is hit by Elias Pettersson and loses puck.
3:50 of 3rd period - Penalty to Andre Burakovsky is over, Andre Burakovsky is back on ice.
4:33 of 3rd period - Zach Werenski is hit by JT Compher and loses puck.
4:40 of 3rd period - Slapshot by Zach Bogosian.
4:40 of 3rd period - Shot Misses the Net.
4:42 of 3rd period - Wrist shot by JT Compher.
4:42 of 3rd period - Stopped by Carter Hutton with a rebound.
4:44 of 3rd period - Snap shot by Tanner Richard.
4:44 of 3rd period - Shot Misses the Net.
5:06 of 3rd period - Wrist shot by Zach Hyman.
5:06 of 3rd period - Shot Misses the Net.
5:08 of 3rd period - Slapshot by Zach Bogosian.
5:08 of 3rd period - Shot Misses the Net.
5:10 of 3rd period - Slapshot by JT Compher.
5:10 of 3rd period - Goal by JT Compher - Kraken : 4 - Maple Leafs : 1.
5:11 of 3rd period - Bo Horvat wins face-off versus Ryan Nugent-Hopkins in neutral zone.
6:03 of 3rd period - Off-side.
6:04 of 3rd period - Pierre-Luc Dubois wins face-off versus Patrice Cormier in neutral zone.
6:18 of 3rd period - Slapshot by Gabriel Bourque.
6:18 of 3rd period - Stopped by Carter Hutton with a rebound.
6:39 of 3rd period - Wrist shot by Pierre-Luc Dubois.
6:39 of 3rd period - Deflect By Gustav Nyquist.
6:39 of 3rd period - Stopped by Carter Hutton without a rebound.
6:40 of 3rd period - Bo Horvat wins face-off versus Ryan Nugent-Hopkins in Maple Leafs zone.
6:51 of 3rd period - Wrist shot by Brendan Gallagher.
6:51 of 3rd period - Stopped by Carter Hutton with a rebound.
6:53 of 3rd period - Slapshot by Jalen Chatfield.
6:53 of 3rd period - Shot Blocked by Luke Schenn.
6:55 of 3rd period - Wrist shot by Jalen Chatfield.
6:55 of 3rd period - Stopped by Carter Hutton with a rebound.
6:57 of 3rd period - Slapshot by Brendan Gallagher.
6:57 of 3rd period - Shot Blocked by Luke Schenn.
7:11 of 3rd period - Backhand shot by William Nylander.
7:11 of 3rd period - Stopped by Ebbe Siönäs with a rebound.
8:11 of 3rd period - Snap shot by Bo Horvat.
8:11 of 3rd period - Stopped by Ebbe Siönäs without a rebound.
8:12 of 3rd period - Ryan Nugent-Hopkins wins face-off versus Bo Horvat in Kraken zone.
8:12 of 3rd period - Ryan Nugent-Hopkins is hit by Andre Burakovsky.
8:20 of 3rd period - Wrist shot by Andre Burakovsky.
8:20 of 3rd period - Deflect By Brendan Gallagher.
8:20 of 3rd period - Shot Blocked by Jalen Chatfield.
8:20 of 3rd period - Puck is out of play.
8:21 of 3rd period - Ryan Nugent-Hopkins wins face-off versus Bo Horvat in Kraken zone.
8:23 of 3rd period - Minor Penalty to Marcus Johansson for Holding.
8:24 of 3rd period - Bo Horvat wins face-off versus Andrei Loktionov in Kraken zone.
8:58 of 3rd period - Ryan Nugent-Hopkins is hit by William Nylander.
9:07 of 3rd period - Zach Bogosian is hit by Luke Schenn and loses puck.
9:20 of 3rd period - Snap shot by Elias Pettersson.
9:20 of 3rd period - Shot Misses the Net.
9:22 of 3rd period - Slapshot by Zach Werenski.
9:22 of 3rd period - Shot Misses the Net.
9:24 of 3rd period - Slapshot by Zach Werenski.
9:24 of 3rd period - Deflect By William Nylander.
9:24 of 3rd period - Goal by William Nylander - Kraken : 4 - Maple Leafs : 2.
9:25 of 3rd period - Ryan Nugent-Hopkins wins face-off versus Bo Horvat in neutral zone.
9:35 of 3rd period - Minor Penalty to Andre Burakovsky for Slashing.
9:36 of 3rd period - Ryan Nugent-Hopkins wins face-off versus Patrice Cormier in Maple Leafs zone.
9:52 of 3rd period - Snap shot by Ryan Nugent-Hopkins.
9:52 of 3rd period - Shot Misses the Net.
10:34 of 3rd period - Elias Pettersson is hit by Jamie Oleksiak and loses puck.
11:09 of 3rd period - Jon Merrill is hit by Erik Gudbranson and loses puck.
11:30 of 3rd period - Brendan Guhle is hit by Andrei Loktionov and loses puck.
11:35 of 3rd period - Penalty to Andre Burakovsky is over, Andre Burakovsky is back on ice.
11:43 of 3rd period - Zach Hyman is hit by Valentin Zykov and loses puck.
12:14 of 3rd period - Evander Kane is hit by Zach Hyman and loses puck.
12:27 of 3rd period - Snap shot by Valentin Zykov.
12:27 of 3rd period - Stopped by Ebbe Siönäs with a rebound.
13:25 of 3rd period - Elias Lindholm is hit by Andrei Loktionov and loses puck.
13:38 of 3rd period - William Nylander is hit by Ryan Nugent-Hopkins and loses puck.
14:04 of 3rd period - Gustav Nyquist is hit by Bo Horvat and loses puck.
14:48 of 3rd period - Pontus Aberg is hit by Marcus Johansson and loses puck.
15:11 of 3rd period - Snap shot by Tanner Richard.
15:11 of 3rd period - Shot Misses the Net.
15:13 of 3rd period - Slapshot by Olli Maatta.
15:13 of 3rd period - Shot Misses the Net.
15:15 of 3rd period - Slapshot by JT Compher.
15:15 of 3rd period - Goal by JT Compher - Kraken : 5 - Maple Leafs : 2.
15:16 of 3rd period - Andre Burakovsky wins face-off versus Ryan Nugent-Hopkins in neutral zone.
15:23 of 3rd period - Snap shot by Evander Kane.
15:23 of 3rd period - Stopped by Ebbe Siönäs with a rebound.
15:25 of 3rd period - Wrist shot by Evander Kane.
15:25 of 3rd period - Stopped by Ebbe Siönäs without a rebound.
15:26 of 3rd period - Bo Horvat wins face-off versus Marcus Johansson in Kraken zone.
15:27 of 3rd period - Snap shot by Evander Kane.
15:27 of 3rd period - Shot Blocked by Jalen Chatfield.
15:29 of 3rd period - Slapshot by Jon Merrill.
15:29 of 3rd period - Stopped by Ebbe Siönäs without a rebound.
15:30 of 3rd period - Ryan Nugent-Hopkins wins face-off versus Bo Horvat in Kraken zone.
15:30 of 3rd period - Ryan Nugent-Hopkins is hit by Andre Burakovsky.
15:42 of 3rd period - Wrist shot by Bo Horvat.
15:42 of 3rd period - Deflect By Evander Kane.
15:42 of 3rd period - Shot Misses the Net.
15:42 of 3rd period - Puck is out of play.
15:43 of 3rd period - Ryan Nugent-Hopkins wins face-off versus Evander Kane in Kraken zone.
16:10 of 3rd period - Zach Werenski is hit by Tyler Bertuzzi and loses puck.
16:19 of 3rd period - Snap shot by Alex Tuch.
16:19 of 3rd period - Shot Misses the Net.
16:21 of 3rd period - Slapshot by Olli Maatta.
16:21 of 3rd period - Shot Misses the Net.
16:35 of 3rd period - Snap shot by Zach Hyman.
16:35 of 3rd period - Stopped by Carter Hutton with a rebound.
16:37 of 3rd period - Wrist shot by JT Compher.
16:37 of 3rd period - Stopped by Carter Hutton without a rebound.
16:38 of 3rd period - Ryan Nugent-Hopkins wins face-off versus Bo Horvat in Maple Leafs zone.
16:39 of 3rd period - Backhand shot by Brendan Gallagher.
16:39 of 3rd period - Shot Misses the Net.
16:41 of 3rd period - Slapshot by Jamie Oleksiak.
16:41 of 3rd period - Shot Misses the Net.
16:47 of 3rd period - Snap shot by Ryan Nugent-Hopkins.
16:47 of 3rd period - Shot Misses the Net.
16:49 of 3rd period - Snap shot by Ryan Nugent-Hopkins.
16:49 of 3rd period - Shot Hit the Post.
16:51 of 3rd period - Snap shot by Ryan Nugent-Hopkins.
16:51 of 3rd period - Shot Blocked by Andre Burakovsky.
17:26 of 3rd period - Snap shot by Gabriel Bourque.
17:26 of 3rd period - Shot Blocked by William Nylander.
18:03 of 3rd period - Slapshot by Luke Schenn.
18:03 of 3rd period - Shot Misses the Net.
18:40 of 3rd period - Slapshot by Olli Maatta.
18:40 of 3rd period - Shot Blocked by Haydn Fleury.
18:46 of 3rd period - Wrist shot by Pontus Aberg.
18:46 of 3rd period - Stopped by Ebbe Siönäs without a rebound.
18:47 of 3rd period - Andrei Loktionov wins face-off versus Bo Horvat in Kraken zone.
19:08 of 3rd period - Erik Gudbranson is hit by Bo Horvat and loses puck.
19:21 of 3rd period - Snap shot by Andrei Loktionov.
19:21 of 3rd period - Shot Misses the Net.
19:23 of 3rd period - Wrist shot by Alex Tuch.
19:23 of 3rd period - Goal by Alex Tuch - Kraken : 6 - Maple Leafs : 2.
19:24 of 3rd period - Elias Pettersson wins face-off versus Ryan Nugent-Hopkins in neutral zone.
19:37 of 3rd period - Snap shot by William Nylander.
19:37 of 3rd period - Stopped by Ebbe Siönäs without a rebound.
19:38 of 3rd period - Bo Horvat wins face-off versus Ryan Nugent-Hopkins in Kraken zone.
19:55 of 3rd period - Wrist shot by Brendan Gallagher.
19:55 of 3rd period - Shot Misses the Net.
Goals for this period are 3 for Kraken vs 1 for Maple Leafs.
Shots for this period are 12 for Kraken vs 9 for Maple Leafs.